2072 views
Uploaded 2023-08-12 03:56:52
Game version 1.36 (6115)
31:29 long 4on4 ladder game on (8)Northshire_S2
Saved by GIGA
2072 views
Uploaded 2023-08-12 03:56:52
Game version 1.36 (6115)
31:29 long 4on4 ladder game on (8)Northshire_S2


145 units @ 17.3k
/ 1.5k
156 buildings @ 15.8k
/ 7k


| Scroll of Regeneration | 3 | 300 |
| Lesser Clarity Potion | 2 | 140 |
| Potion of Mana | 1 | 200 |
| Scroll of Town Portal | 1 | 350 |
| Boots of Speed | 1 | 250 |
| total: | 8 | 1240g |
| Peasant | 14 | 1050 | / | 0 |
| Footman | 10 | 1350 | / | 0 |
| Mortar Team | 1 | 180 | / | 70 |
| Rifleman | 3 | 615 | / | 90 |
| Goblin Shredder | 1 | 375 | / | 100 |
| total: | 29 | 3570g | / | 260w |
| Scout Tower | 19 | 570 | / | 380 |
| Guard Tower | 12 | 840 | / | 600 |
| Arcane Tower | 1 | 70 | / | 50 |
| Altar of Kings | 1 | 180 | / | 50 |
| Barracks | 2 | 320 | / | 120 |
| Farm | 9 | 720 | / | 180 |
| Lumber Mill | 1 | 120 | / | 0 |
| Arcane Vault | 1 | 130 | / | 30 |
| Town Hall | 1 | 385 | / | 205 |
| Blacksmith | 1 | 140 | / | 60 |
| Workshop | 5 | 700 | / | 700 |
| Keep | 1 | 320 | / | 210 |
| total: | 40 | 3265g | / | 1725w |
| 0:02 | Peasant |
| 0:02 | Peasant |
| 0:16 | Altar of Kings |
| 0:19 | Barracks |
| 0:23 | Peasant |
| 0:33 | Farm |
| 0:35 | Peasant |
| 0:48 | Farm |
| 0:52 | Peasant |
| 1:06 | Peasant |
| 1:20 | Footman |
| 1:28 | Peasant |
| 1:34 | Farm |
| 1:43 | Footman |
| 1:49 | Scout Tower |
| 1:55 | Peasant |
| 2:08 | Footman |
| 2:16 | Thunder Clap |
| 2:22 | Lumber Mill |
| 2:29 | Scout Tower |
| 2:35 | Arcane Vault |
| 2:49 | Peasant |
| 3:14 | Peasant |
| 3:16 | Footman |
| 3:22 | Storm Bolt |
| 3:28 | Guard Tower |
| 3:34 | Scout Tower |
| 3:37 | Scroll of Regeneration |
| 3:47 | Peasant |
| 3:51 | Peasant |
| 4:01 | Guard Tower |
| 4:36 | Town Hall |
| 4:37 | Scout Tower |
| 4:38 | Scout Tower |
| 4:39 | Scout Tower |
| 4:39 | Scout Tower |
| 4:43 | Scout Tower |
| 5:03 | Guard Tower |
| 5:04 | Guard Tower |
| 5:09 | Guard Tower |
| 5:12 | Thunder Clap |
| 5:27 | Scroll of Regeneration |
| 5:27 | Lesser Clarity Potion |
| 5:42 | Farm |
| 5:47 | Defend |
| 6:05 | Boots of Speed |
| 6:11 | Footman |
| 6:15 | Improved Lumber Harvesting |
| 6:42 | Keep |
| 6:43 | Footman |
| 6:43 | Footman |
| 7:00 | Footman |
| 7:05 | Farm |
| 7:58 | Footman |
| 7:59 | Footman |
| 8:03 | Farm |
| 8:03 | Farm |
| 8:37 | Blacksmith |
| 8:42 | Scroll of Regeneration |
| 8:42 | Lesser Clarity Potion |
| 9:03 | Scroll of Town Portal |
| 9:03 | Potion of Mana |
| 9:14 | Scout Tower |
| 9:21 | Advanced Lumber Harvesting |
| 9:25 | Workshop |
| 9:25 | Workshop |
| 9:26 | Workshop |
| 9:27 | Workshop |
| 9:41 | Arcane Tower |
| 10:03 | Peasant |
| 10:03 | Peasant |
| 10:33 | Siphon Mana |
| 10:41 | Flak Cannons |
| 10:42 | Workshop |
| 11:08 | Mortar Team |
| 11:29 | Scout Tower |
| 11:29 | Scout Tower |
| 11:32 | Scout Tower |
| 11:32 | Scout Tower |
| 11:36 | Scout Tower |
| 11:36 | Scout Tower |
| 11:36 | Scout Tower |
| 11:37 | Scout Tower |
| 11:41 | Improved Masonry |
| 12:08 | Goblin Shredder |
| 12:13 | Farm |
| 12:17 | Farm |
| 12:35 | Guard Tower |
| 12:46 | Guard Tower |
| 12:52 | Scout Tower |
| 12:53 | Scout Tower |
| 12:58 | Advanced Masonry |
| 13:00 | Guard Tower |
| 13:02 | Guard Tower |
| 13:11 | Guard Tower |
| 13:12 | Guard Tower |
| 13:39 | Long Rifles |
| 13:41 | Barracks |
| 13:51 | Rifleman |
| 14:07 | Guard Tower |
| 14:11 | Rifleman |
| 14:11 | Rifleman |
| Right click | 1072 |
| Select group | 560 |
| Select | 287 |
| Build/train/purchase | 84 |
| Misc. action | 21 |
| Assign group | 18 |
| Resource trade | 5 |
| Use ability | 3 |
| Item give/drop | 2 |
| Esc | 1 |

| Scroll of Regeneration | 3 | 300 |
| Lesser Clarity Potion | 3 | 210 |
| Potion of Healing | 1 | 150 |
| Scroll of Town Portal | 2 | 700 |
| Boots of Speed | 1 | 250 |
| Staff of Teleportation | 1 | 150 |
| total: | 11 | 1760g |
| Peasant | 15 | 1125 | / | 0 |
| Footman | 8 | 1080 | / | 0 |
| Goblin Shredder | 1 | 375 | / | 100 |
| total: | 24 | 2580g | / | 100w |
| Scout Tower | 7 | 210 | / | 140 |
| Arcane Tower | 3 | 210 | / | 150 |
| Altar of Kings | 1 | 180 | / | 50 |
| Farm | 5 | 400 | / | 100 |
| Barracks | 1 | 160 | / | 60 |
| Town Hall | 1 | 385 | / | 205 |
| Arcane Vault | 1 | 130 | / | 30 |
| Lumber Mill | 1 | 120 | / | 0 |
| Gryphon Aviary | 3 | 420 | / | 450 |
| Keep | 2 | 640 | / | 420 |
| Castle | 1 | 360 | / | 210 |
| total: | 20 | 2005g | / | 1035w |
| 0:02 | Peasant |
| 0:03 | Peasant |
| 0:10 | Altar of Kings |
| 0:19 | Farm |
| 0:24 | Peasant |
| 0:34 | Barracks |
| 0:43 | Peasant |
| 0:45 | Farm |
| 0:59 | Peasant |
| 0:59 | Peasant |
| 1:28 | Farm |
| 1:31 | Peasant |
| 1:35 | Footman |
| 1:44 | Peasant |
| 1:48 | Footman |
| 1:57 | Peasant |
| 2:09 | Footman |
| 2:26 | Footman |
| 2:32 | Flame Strike |
| 3:13 | Siphon Mana |
| 3:17 | Town Hall |
| 3:22 | Arcane Vault |
| 3:24 | Peasant |
| 3:25 | Peasant |
| 4:37 | Scroll of Regeneration |
| 4:38 | Lesser Clarity Potion |
| 4:41 | Keep |
| 4:42 | Footman |
| 5:00 | Footman |
| 5:04 | Goblin Shredder |
| 5:24 | Farm |
| 5:25 | Footman |
| 5:26 | Footman |
| 5:53 | Flame Strike |
| 6:07 | Boots of Speed |
| 6:08 | Staff of Teleportation |
| 6:18 | Farm |
| 6:58 | Scroll of Regeneration |
| 7:00 | Lesser Clarity Potion |
| 7:41 | Peasant |
| 7:41 | Peasant |
| 7:41 | Peasant |
| 7:43 | Scout Tower |
| 7:44 | Scout Tower |
| 8:03 | Peasant |
| 8:33 | Arcane Tower |
| 8:34 | Arcane Tower |
| 8:39 | Scroll of Regeneration |
| 8:39 | Lesser Clarity Potion |
| 8:42 | Potion of Healing |
| 8:43 | Scroll of Town Portal |
| 8:45 | Castle |
| 8:47 | Scout Tower |
| 8:50 | Scout Tower |
| 8:54 | Scout Tower |
| 9:13 | Lumber Mill |
| 9:32 | Arcane Tower |
| 9:43 | Scout Tower |
| 9:51 | Scroll of Town Portal |
| 10:27 | Gryphon Aviary |
| 10:29 | Gryphon Aviary |
| 10:30 | Gryphon Aviary |
| 10:51 | Scout Tower |
| Right click | 223 |
| Select | 144 |
| Select group | 100 |
| Chat | 73 |
| Build/train/purchase | 58 |
| Misc. action | 19 |
| Assign group | 17 |
| Minimap ping | 15 |
| Use ability | 11 |
| Resource trade | 11 |
| Item give/drop | 3 |
| Esc | 1 |

| Scroll of Regeneration | 3 | 300 |
| Lesser Clarity Potion | 1 | 70 |
| Scroll of Town Portal | 1 | 350 |
| total: | 5 | 720g |
| Peasant | 28 | 2100 | / | 0 |
| Rifleman | 13 | 2665 | / | 390 |
| Mortar Team | 2 | 360 | / | 140 |
| Gryphon Rider | 2 | 560 | / | 140 |
| Goblin Zeppelin | 2 | 480 | / | 120 |
| total: | 47 | 6165g | / | 790w |
| Scout Tower | 23 | 690 | / | 460 |
| Guard Tower | 17 | 1190 | / | 850 |
| Altar of Kings | 3 | 540 | / | 150 |
| Farm | 37 | 2960 | / | 740 |
| Blacksmith | 1 | 140 | / | 60 |
| Barracks | 4 | 640 | / | 240 |
| Lumber Mill | 3 | 360 | / | 0 |
| Arcane Vault | 1 | 130 | / | 30 |
| Town Hall | 4 | 1540 | / | 820 |
| Workshop | 4 | 560 | / | 560 |
| Keep | 3 | 960 | / | 630 |
| total: | 80 | 7560g | / | 3060w |
| 0:08 | Peasant |
| 0:08 | Peasant |
| 0:13 | Altar of Kings |
| 0:17 | Farm |
| 0:30 | Blacksmith |
| 0:38 | Peasant |
| 0:56 | Barracks |
| 1:04 | Peasant |
| 1:23 | Peasant |
| 1:39 | Peasant |
| 1:44 | Lumber Mill |
| 1:51 | Farm |
| 1:58 | Rifleman |
| 2:15 | Storm Bolt |
| 2:23 | Arcane Vault |
| 2:31 | Rifleman |
| 2:34 | Peasant |
| 2:44 | Farm |
| 2:48 | Peasant |
| 3:03 | Peasant |
| 3:05 | Improved Lumber Harvesting |
| 3:24 | Rifleman |
| 3:48 | Scout Tower |
| 3:50 | Rifleman |
| 3:53 | Bash |
| 3:56 | Scroll of Regeneration |
| 4:36 | Farm |
| 4:39 | Farm |
| 4:42 | Lesser Clarity Potion |
| 4:44 | Guard Tower |
| 4:47 | Scroll of Regeneration |
| 5:24 | Farm |
| 5:37 | Peasant |
| 5:37 | Peasant |
| 5:55 | Town Hall |
| 6:00 | Scout Tower |
| 6:06 | Improved Masonry |
| 6:32 | Storm Bolt |
| 6:36 | Guard Tower |
| 6:38 | Scout Tower |
| 6:44 | Keep |
| 6:58 | Scroll of Regeneration |
| 7:06 | Guard Tower |
| 7:08 | Scout Tower |
| 7:35 | Black Gunpowder |
| 7:37 | Guard Tower |
| 7:39 | Peasant |
| 7:39 | Peasant |
| 7:41 | Scout Tower |
| 8:10 | Barracks |
| 8:27 | Rifleman |
| 8:54 | Guard Tower |
| 8:55 | Farm |
| 8:57 | Rifleman |
| 9:10 | Workshop |
| 9:16 | Peasant |
| 9:16 | Peasant |
| 9:16 | Peasant |
| 9:22 | Workshop |
| 9:25 | Studded Leather Armor |
| 9:27 | Rifleman |
| 9:56 | Long Rifles |
| 10:21 | Mortar Team |
| 10:21 | Mortar Team |
| 10:24 | Farm |
| 11:07 | Scout Tower |
| 11:09 | Scout Tower |
| 11:10 | Scout Tower |
| 11:36 | Guard Tower |
| 11:39 | Scout Tower |
| 11:41 | Scout Tower |
| 11:52 | Town Hall |
| 12:00 | Guard Tower |
| 12:04 | Gryphon Rider |
| 12:25 | Guard Tower |
| 12:28 | Farm |
| 12:48 | Peasant |
| 12:48 | Peasant |
| 13:06 | Scroll of Town Portal |
| 13:30 | Keep |
| 13:31 | Farm |
| 13:37 | Gryphon Rider |
| 13:57 | Guard Tower |
| 13:59 | Scout Tower |
| 14:02 | Peasant |
| 14:02 | Peasant |
| 14:03 | Scout Tower |
| 14:10 | Farm |
| 14:12 | Peasant |
| 14:12 | Peasant |
| 14:17 | Barracks |
| 14:20 | Barracks |
| 14:44 | Scout Tower |
| 14:53 | Peasant |
| 14:53 | Peasant |
| 14:56 | Farm |
| 15:00 | Scout Tower |
| 15:02 | Scout Tower |
| 15:17 | Lumber Mill |
| 15:18 | Lumber Mill |
| 15:30 | Guard Tower |
| 15:31 | Rifleman |
| 15:33 | Peasant |
| 15:33 | Peasant |
| 15:37 | Guard Tower |
| 15:37 | Scout Tower |
| 15:38 | Scout Tower |
| 15:43 | Farm |
| 15:49 | Scout Tower |
| 15:53 | Guard Tower |
| 15:54 | Keep |
| 15:56 | Scout Tower |
| 15:57 | Scout Tower |
| 16:01 | Rifleman |
| 16:06 | Guard Tower |
| 16:07 | Advanced Masonry |
| 16:09 | Scout Tower |
| 16:11 | Guard Tower |
| 16:27 | Guard Tower |
| 16:28 | Imbued Masonry |
| 16:29 | Scout Tower |
| 16:30 | Farm |
| 16:43 | Rifleman |
| 16:45 | Refined Gunpowder |
| 16:47 | Guard Tower |
| 16:48 | Farm |
| 17:08 | Rifleman |
| 17:12 | Farm |
| 17:15 | Rifleman |
| 17:31 | Rifleman |
| 17:32 | Scout Tower |
| 17:38 | Altar of Kings |
| 17:39 | Altar of Kings |
| 17:56 | Workshop |
| 17:58 | Workshop |
| 17:59 | Peasant |
| 17:59 | Peasant |
| 18:07 | Bash |
| 20:13 | Goblin Zeppelin |
| 22:31 | Farm |
| 22:54 | Farm |
| 23:02 | Farm |
| 23:11 | Farm |
| 23:32 | Farm |
| 23:40 | Goblin Zeppelin |
| 24:19 | Farm |
| 24:27 | Farm |
| 24:43 | Farm |
| 25:28 | Farm |
| 25:41 | Town Hall |
| 26:04 | Farm |
| 27:43 | Town Hall |
| 27:52 | Farm |
| 28:19 | Farm |
| 28:30 | Farm |
| 28:40 | Farm |
| 28:52 | Farm |
| 29:02 | Farm |
| 29:20 | Farm |
| 29:38 | Farm |
| 29:52 | Farm |
| 30:26 | Farm |
| 30:39 | Farm |
| Right click | 1565 |
| Select | 685 |
| Select group | 212 |
| Build/train/purchase | 103 |
| Use ability | 63 |
| Minimap ping | 8 |
| Assign group | 3 |
| Esc | 2 |
| Item give/drop | 1 |
| Remove unit | 1 |

| Potion of Mana | 1 | 200 |
| Scroll of Town Portal | 1 | 350 |
| Scroll of Healing | 1 | 250 |
| total: | 3 | 800g |
| Wisp | 21 | 1260 | / | 0 |
| Archer | 15 | 1950 | / | 150 |
| Huntress | 9 | 1755 | / | 180 |
| total: | 45 | 4965g | / | 330w |
| Ancient Protector | 3 | 405 | / | 240 |
| Moon Well | 6 | 1080 | / | 240 |
| Altar of Elders | 1 | 180 | / | 50 |
| Ancient of War | 2 | 300 | / | 120 |
| Hunter's Hall | 1 | 210 | / | 100 |
| Tree of Life | 2 | 680 | / | 370 |
| Ancient of Wonders | 1 | 90 | / | 30 |
| Tree of Ages | 5 | 1600 | / | 900 |
| Tree of Eternity | 2 | 660 | / | 400 |
| total: | 16 | 2945g | / | 1150w |
| 0:02 | Wisp |
| 0:02 | Wisp |
| 0:06 | Moon Well |
| 0:10 | Altar of Elders |
| 0:30 | Wisp |
| 0:30 | Wisp |
| 0:30 | Wisp |
| 1:01 | Ancient of War |
| 1:03 | Wisp |
| 1:03 | Wisp |
| 1:22 | Wisp |
| 1:23 | Wisp |
| 1:25 | Moon Well |
| 2:03 | Archer |
| 2:09 | Hunter's Hall |
| 2:13 | Force of Nature |
| 2:15 | Archer |
| 2:40 | Archer |
| 2:41 | Moon Well |
| 2:58 | Archer |
| 3:24 | Ancient Protector |
| 3:27 | Wisp |
| 3:36 | Moon Well |
| 3:40 | Archer |
| 3:46 | Thorns Aura |
| 4:04 | Huntress |
| 4:38 | Archer |
| 4:39 | Huntress |
| 4:58 | Force of Nature |
| 5:04 | Tree of Life |
| 5:11 | Archer |
| 5:33 | Wisp |
| 5:33 | Wisp |
| 5:57 | Huntress |
| 6:00 | Ancient Protector |
| 6:25 | Archer |
| 6:30 | Ancient Protector |
| 6:48 | Huntress |
| 7:11 | Thorns Aura |
| 7:24 | Huntress |
| 7:25 | Archer |
| 7:26 | Wisp |
| 7:26 | Wisp |
| 7:26 | Wisp |
| 7:27 | Wisp |
| 7:28 | Wisp |
| 7:46 | Wisp |
| 7:46 | Wisp |
| 7:48 | Wisp |
| 7:51 | Wisp |
| 8:27 | Strength of the Moon |
| 8:32 | Tree of Ages |
| 9:09 | Moon Armor |
| 9:12 | Ancient of War |
| 9:15 | Ancient of Wonders |
| 9:19 | Force of Nature |
| 10:34 | Moon Well |
| 10:34 | Moon Well |
| 10:40 | Archer |
| 10:40 | Archer |
| 10:40 | Archer |
| 10:40 | Archer |
| 10:41 | Huntress |
| 10:41 | Huntress |
| 10:42 | Huntress |
| 11:14 | Tree of Eternity |
| 11:18 | Archer |
| 11:23 | Huntress |
| 11:25 | Archer |
| 12:28 | Tree of Ages |
| 12:49 | Tree of Life |
| 13:25 | Tree of Ages |
| 15:44 | Scroll of Town Portal |
| 15:50 | Scroll of Healing |
| 16:03 | Potion of Mana |
| Right click | 736 |
| Select group | 550 |
| Select | 327 |
| Misc. action | 140 |
| Build/train/purchase | 100 |
| Use ability | 63 |
| Assign group | 14 |
| Minimap ping | 11 |
| Item give/drop | 7 |
96 units @ 9.5k
/ 1.7k
114 buildings @ 9.3k
/ 4.1k

| Peasant | 14 | 1050 | / | 0 |
| total: | 14 | 1050g | / | 0w |
| Scout Tower | 27 | 810 | / | 540 |
| Arcane Tower | 1 | 70 | / | 50 |
| Guard Tower | 9 | 630 | / | 450 |
| Altar of Kings | 1 | 180 | / | 50 |
| Farm | 3 | 240 | / | 60 |
| Lumber Mill | 1 | 120 | / | 0 |
| Town Hall | 1 | 385 | / | 205 |
| Keep | 1 | 320 | / | 210 |
| Castle | 1 | 360 | / | 210 |
| total: | 33 | 1735g | / | 855w |
| 0:07 | Altar of Kings |
| 0:08 | Peasant |
| 0:08 | Peasant |
| 0:09 | Peasant |
| 0:09 | Peasant |
| 0:33 | Farm |
| 0:34 | Farm |
| 0:35 | Farm |
| 1:02 | Scout Tower |
| 1:10 | Peasant |
| 1:11 | Peasant |
| 1:11 | Peasant |
| 1:26 | Lumber Mill |
| 2:05 | Arcane Tower |
| 2:06 | Peasant |
| 2:06 | Peasant |
| 2:06 | Peasant |
| 2:21 | Storm Bolt |
| 2:27 | Peasant |
| 2:36 | Improved Lumber Harvesting |
| 2:59 | Improved Masonry |
| 3:14 | Scout Tower |
| 3:17 | Peasant |
| 3:17 | Peasant |
| 3:17 | Peasant |
| 3:43 | Guard Tower |
| 4:04 | Keep |
| 4:14 | Scout Tower |
| 4:15 | Scout Tower |
| 4:15 | Scout Tower |
| 4:16 | Scout Tower |
| 4:17 | Scout Tower |
| 4:17 | Scout Tower |
| 4:18 | Scout Tower |
| 4:19 | Scout Tower |
| 4:53 | Guard Tower |
| 5:18 | Guard Tower |
| 5:23 | Scout Tower |
| 5:23 | Scout Tower |
| 5:26 | Scout Tower |
| 5:26 | Scout Tower |
| 5:27 | Scout Tower |
| 5:35 | Guard Tower |
| 5:53 | Guard Tower |
| 6:04 | Scout Tower |
| 6:05 | Scout Tower |
| 6:07 | Scout Tower |
| 6:35 | Advanced Masonry |
| 6:51 | Advanced Lumber Harvesting |
| 6:59 | Guard Tower |
| 7:10 | Scout Tower |
| 7:11 | Scout Tower |
| 7:12 | Scout Tower |
| 7:13 | Scout Tower |
| 7:14 | Scout Tower |
| 8:37 | Castle |
| 8:43 | Guard Tower |
| 9:20 | Scout Tower |
| 9:21 | Scout Tower |
| 9:22 | Scout Tower |
| 9:23 | Scout Tower |
| 9:27 | Guard Tower |
| 9:55 | Guard Tower |
| 11:14 | Imbued Masonry |
| 12:12 | Town Hall |
| Right click | 165 |
| Select | 149 |
| Build/train/purchase | 38 |
| Minimap ping | 6 |
| Resource trade | 5 |
| Misc. action | 4 |
| Use ability | 1 |
DudeWhy
(236)
(31:26) : 

| Peasant | 17 | 1275 | / | 0 |
| Mortar Team | 7 | 1260 | / | 490 |
| Flying Machine | 7 | 700 | / | 210 |
| total: | 31 | 3235g | / | 700w |
| Scout Tower | 18 | 540 | / | 360 |
| Arcane Tower | 3 | 210 | / | 150 |
| Guard Tower | 7 | 490 | / | 350 |
| Altar of Kings | 1 | 180 | / | 50 |
| Farm | 15 | 1200 | / | 300 |
| Lumber Mill | 1 | 120 | / | 0 |
| Town Hall | 1 | 385 | / | 205 |
| Blacksmith | 1 | 140 | / | 60 |
| Workshop | 2 | 280 | / | 280 |
| Keep | 1 | 320 | / | 210 |
| Castle | 1 | 360 | / | 210 |
| total: | 39 | 2845g | / | 1255w |
| 0:03 | Peasant |
| 0:06 | Altar of Kings |
| 0:08 | Peasant |
| 0:14 | Peasant |
| 0:19 | Farm |
| 0:20 | Peasant |
| 0:20 | Peasant |
| 0:34 | Peasant |
| 0:40 | Peasant |
| 0:49 | Farm |
| 1:03 | Peasant |
| 1:07 | Scout Tower |
| 1:10 | Scout Tower |
| 1:22 | Peasant |
| 1:41 | Peasant |
| 1:44 | Arcane Tower |
| 1:45 | Peasant |
| 1:48 | Farm |
| 1:50 | Farm |
| 1:53 | Peasant |
| 2:11 | Peasant |
| 2:16 | Lumber Mill |
| 2:32 | Peasant |
| 2:34 | Storm Bolt |
| 3:02 | Scout Tower |
| 3:04 | Scout Tower |
| 3:24 | Town Hall |
| 3:34 | Peasant |
| 3:35 | Peasant |
| 3:36 | Improved Masonry |
| 3:37 | Improved Lumber Harvesting |
| 3:39 | Scout Tower |
| 3:41 | Scout Tower |
| 3:42 | Scout Tower |
| 3:51 | Scout Tower |
| 3:53 | Arcane Tower |
| 4:20 | Guard Tower |
| 4:22 | Scout Tower |
| 4:37 | Scout Tower |
| 4:38 | Scout Tower |
| 4:39 | Scout Tower |
| 4:46 | Guard Tower |
| 5:16 | Guard Tower |
| 5:22 | Keep |
| 5:49 | Scout Tower |
| 5:49 | Scout Tower |
| 5:50 | Guard Tower |
| 5:53 | Guard Tower |
| 6:03 | Peasant |
| 6:17 | Guard Tower |
| 6:43 | Arcane Tower |
| 7:04 | Scout Tower |
| 7:05 | Scout Tower |
| 7:06 | Scout Tower |
| 7:07 | Scout Tower |
| 7:53 | Holy Light |
| 8:04 | Castle |
| 8:07 | Guard Tower |
| 8:39 | Advanced Lumber Harvesting |
| 8:39 | Advanced Masonry |
| 9:34 | Blacksmith |
| 10:35 | Holy Light |
| 11:13 | Black Gunpowder |
| 11:15 | Workshop |
| 11:25 | Imbued Masonry |
| 12:18 | Fragmentation Shards |
| 12:19 | Flare |
| 12:19 | Mortar Team |
| 12:24 | Workshop |
| 13:00 | Bash |
| 13:01 | Bash |
| 13:02 | Bash |
| 13:11 | Mortar Team |
| 13:18 | Refined Gunpowder |
| 14:17 | Mortar Team |
| 14:49 | Imbued Gunpowder |
| 14:50 | Iron Plating |
| 16:57 | Storm Bolt |
| 16:58 | Storm Bolt |
| 16:59 | Storm Bolt |
| 17:00 | Divine Shield |
| 17:01 | Divine Shield |
| 17:02 | Divine Shield |
| 20:21 | Holy Light |
| 20:31 | Farm |
| 20:32 | Farm |
| 20:33 | Farm |
| 20:35 | Farm |
| 20:39 | Farm |
| 20:40 | Farm |
| 23:15 | Mortar Team |
| 23:15 | Mortar Team |
| 23:15 | Mortar Team |
| 23:16 | Mortar Team |
| 24:37 | Bash |
| 25:20 | Farm |
| 25:24 | Farm |
| 25:25 | Steel Plating |
| 25:51 | Farm |
| 25:55 | Farm |
| 25:57 | Farm |
| 30:50 | Flying Machine |
| 30:51 | Flying Machine |
| 30:51 | Flying Machine |
| 30:51 | Flying Machine |
| 30:51 | Flying Machine |
| 30:51 | Flying Machine |
| 30:52 | Flying Machine |
| Right click | 1069 |
| Select group | 393 |
| Select | 328 |
| Misc. action | 140 |
| Build/train/purchase | 86 |
| Use ability | 71 |
| Resource trade | 35 |
| Assign group | 17 |
| Minimap ping | 13 |
| Remove unit | 2 |
| Esc | 1 |

| Lesser Clarity Potion | 1 | 70 |
| Potion of Mana | 1 | 200 |
| Boots of Speed | 1 | 250 |
| Staff of Teleportation | 1 | 150 |
| total: | 4 | 670g |
| Wisp | 14 | 840 | / | 0 |
| Druid of the Claw | 4 | 1020 | / | 320 |
| total: | 18 | 1860g | / | 320w |
| Altar of Elders | 1 | 180 | / | 50 |
| Moon Well | 5 | 900 | / | 200 |
| Ancient of Wonders | 1 | 90 | / | 30 |
| Hunter's Hall | 1 | 210 | / | 100 |
| Ancient of Lore | 1 | 155 | / | 145 |
| Tree of Ages | 1 | 320 | / | 180 |
| Tree of Eternity | 1 | 330 | / | 200 |
| total: | 9 | 1535g | / | 525w |
| 0:02 | Altar of Elders |
| 0:03 | Wisp |
| 0:15 | Wisp |
| 0:23 | Moon Well |
| 0:25 | Wisp |
| 0:32 | Wisp |
| 0:42 | Wisp |
| 0:46 | Wisp |
| 0:58 | Wisp |
| 1:10 | Wisp |
| 1:18 | Moon Well |
| 1:45 | Wisp |
| 1:59 | Wisp |
| 2:04 | Wisp |
| 2:22 | Wisp |
| 2:27 | Shadow Strike |
| 2:38 | Moon Well |
| 3:06 | Ancient of Wonders |
| 3:48 | Boots of Speed |
| 3:48 | Staff of Teleportation |
| 4:33 | Wisp |
| 4:34 | Wisp |
| 5:24 | Moon Well |
| 5:30 | Tree of Ages |
| 6:08 | Blink |
| 6:42 | Moon Well |
| 8:24 | Hunter's Hall |
| 9:28 | Ancient of Lore |
| 10:22 | Ultravision |
| 10:29 | Lesser Clarity Potion |
| 10:31 | Potion of Mana |
| 11:26 | Druid of the Claw Adept Training |
| 12:02 | Druid of the Claw |
| 12:04 | Druid of the Claw |
| 12:04 | Druid of the Claw |
| 12:06 | Druid of the Claw |
| 12:08 | Tree of Eternity |
| 12:23 | Reinforced Hides |
| 13:09 | Shadow Strike |
| 14:54 | Improved Reinforced Hides |
| 14:56 | Well Spring |
| 16:42 | Blink |
| 17:01 | Druid of the Claw Master Training |
| 17:02 | Advanced Reinforced Hides |
| 20:23 | Shadow Strike |
| 25:53 | Spirit of Vengeance |
| Right click | 951 |
| Misc. action | 184 |
| Select | 140 |
| Select group | 109 |
| Chat | 90 |
| Build/train/purchase | 50 |
| Use ability | 50 |
| Resource trade | 40 |
| Assign group | 5 |
| Item give/drop | 3 |
| Minimap ping | 3 |



| Boots of Speed | 1 | 250 |
| Periapt of Vitality | 1 | 325 |
| Circlet of Nobility | 1 | 175 |
| Staff of Teleportation | 1 | 150 |
| total: | 4 | 900g |
| Peasant | 9 | 675 | / | 0 |
| Flying Machine | 21 | 2100 | / | 630 |
| Dragonhawk Rider | 3 | 600 | / | 90 |
| total: | 33 | 3375g | / | 720w |
| Scout Tower | 6 | 180 | / | 120 |
| Arcane Tower | 2 | 140 | / | 100 |
| Altar of Kings | 1 | 180 | / | 50 |
| Farm | 14 | 1120 | / | 280 |
| Blacksmith | 1 | 140 | / | 60 |
| Lumber Mill | 2 | 240 | / | 0 |
| Arcane Vault | 2 | 260 | / | 60 |
| Barracks | 1 | 160 | / | 60 |
| Cannon Tower | 1 | 120 | / | 100 |
| Workshop | 3 | 420 | / | 420 |
| Gryphon Aviary | 1 | 140 | / | 150 |
| Arcane Sanctum | 2 | 300 | / | 280 |
| Keep | 1 | 320 | / | 210 |
| Castle | 1 | 360 | / | 210 |
| total: | 33 | 3140g | / | 1480w |
| 0:03 | Peasant |
| 0:03 | Peasant |
| 0:04 | Peasant |
| 0:06 | Altar of Kings |
| 0:09 | Farm |
| 0:25 | Peasant |
| 0:44 | Peasant |
| 0:46 | Farm |
| 0:53 | Peasant |
| 1:05 | Peasant |
| 1:26 | Peasant |
| 1:43 | Peasant |
| 2:04 | Keep |
| 2:09 | Blacksmith |
| 2:39 | Lumber Mill |
| 2:47 | Lumber Mill |
| 3:26 | Black Gunpowder |
| 3:43 | Scout Tower |
| 3:53 | Improved Lumber Harvesting |
| 3:54 | Improved Masonry |
| 4:10 | Storm Bolt |
| 4:18 | Arcane Tower |
| 4:25 | Castle |
| 4:29 | Workshop |
| 4:32 | Workshop |
| 4:35 | Refined Gunpowder |
| 5:04 | Iron Plating |
| 5:10 | Farm |
| 5:12 | Farm |
| 5:34 | Flak Cannons |
| 5:35 | Flying Machine |
| 5:38 | Flying Machine |
| 5:50 | Workshop |
| 6:06 | Holy Light |
| 6:12 | Farm |
| 6:13 | Farm |
| 6:17 | Farm |
| 6:38 | Flying Machine |
| 6:38 | Flying Machine |
| 6:38 | Flying Machine |
| 7:01 | Imbued Gunpowder |
| 7:01 | Steel Plating |
| 7:03 | Advanced Masonry |
| 7:06 | Flying Machine |
| 7:06 | Flying Machine |
| 7:07 | Flying Machine Bombs |
| 7:11 | Farm |
| 7:13 | Farm |
| 7:53 | Flying Machine |
| 8:01 | Farm |
| 8:05 | Farm |
| 8:11 | Flying Machine |
| 8:12 | Flying Machine |
| 8:12 | Flying Machine |
| 8:21 | Imbued Masonry |
| 8:57 | Flying Machine |
| 8:57 | Flying Machine |
| 8:58 | Flying Machine |
| 8:58 | Flying Machine |
| 9:26 | Scout Tower |
| 9:27 | Scout Tower |
| 9:27 | Scout Tower |
| 9:28 | Scout Tower |
| 9:28 | Scout Tower |
| 10:05 | Cannon Tower |
| 10:29 | Mithril Plating |
| 11:50 | Arcane Tower |
| 13:07 | Gryphon Aviary |
| 13:14 | Arcane Vault |
| 13:19 | Arcane Vault |
| 14:43 | Cloud |
| 14:44 | Dragonhawk Rider |
| 14:44 | Dragonhawk Rider |
| 14:44 | Dragonhawk Rider |
| 14:46 | Farm |
| 17:26 | Siphon Mana |
| 19:19 | Holy Light |
| 21:45 | Advanced Lumber Harvesting |
| 21:47 | Studded Leather Armor |
| 21:47 | Iron Forged Swords |
| 21:52 | Boots of Speed |
| 21:53 | Periapt of Vitality |
| 21:53 | Circlet of Nobility |
| 21:54 | Staff of Teleportation |
| 22:21 | Flame Strike |
| 23:05 | Bash |
| 23:53 | Barracks |
| 23:56 | Arcane Sanctum |
| 23:58 | Arcane Sanctum |
| 24:57 | Flying Machine |
| 24:57 | Flying Machine |
| 25:03 | Farm |
| 25:05 | Farm |
| 25:14 | Steel Forged Swords |
| 25:14 | Reinforced Leather Armor |
| 25:16 | Control Magic |
| 25:17 | Magic Sentry |
| 25:18 | Sorceress Adept Training |
| 25:18 | Priest Adept Training |
| 25:22 | Animal War Training |
| 25:23 | Long Rifles |
| 25:23 | Defend |
| 26:10 | Flame Strike |
| 27:40 | Siphon Mana |
| 28:19 | Flying Machine |
| 28:20 | Flying Machine |
| 28:20 | Flying Machine |
| 28:20 | Flying Machine |
| Right click | 1505 |
| Select group | 1216 |
| Select | 297 |
| Build/train/purchase | 85 |
| Use ability | 25 |
| Minimap ping | 25 |
| Assign group | 17 |
| Chat | 15 |
| Misc. action | 2 |
| Remove unit | 1 |
| Esc | 1 |
⇛